 Dungeon Crawl Stone Soup version 0.28-b1-25-g9875b3fc8c (webtiles) character file.

Game seed: 10617103660416872544

138873 tilp the Eclecticist (level 17, -9/162 HPs)
             Began as a Djinni Summoner on Feb 6, 2022.
             Was the Champion of Makhleb.
             Killed from afar by a salamander mystic (11 damage)
             ... with a lance of force
             ... on level 3 of the Snake Pit on Feb 8, 2022.
             The game lasted 01:25:02 (49275 turns).

tilp the Eclecticist (Djinni Summoner)             Turns: 49275, Time: 01:25:03

Health: -9/162     AC: 35    Str:  2    XL:     17   Next: 87%
Gold:   1567       EV: 15    Int: 26    God:    Makhleb [******] SH:  5 Dex: 13

rFire   + + +      SeeInvis .   a - +10 broad axe of Oily True Grit {vorpal, Contam rPois rC+++ rCorr Str-5}
rCold   + + .      Faith    .   p - +0 buckler
rNeg    + . .      Spirit   .   (armour currently unavailable)
rPois   ∞          Reflect  .   H - +2 helmet
rElec   +          Harm     .   E - +2 cloak {Stlth+}
rCorr   +          Rampage  .   (gloves currently unavailable)
Will    +....                   (boots unavailable)
Stlth   +++.......              X - amulet "Uleuwaz" {RegenMP rF+}
HPRegen 0.37/turn               Y - +4 ring of slaying
MPRegen 0.00/turn               x - +4 ring of slaying

@: statue-form, flying, very slow
A: slow and powerful, torment resistance 1, flying, boosted hp, sickness
immunity, fire resistance 2, cold vulnerability 1, float, innate caster, HP
casting, extra vitality 1
a: End Transformation, Renounce Religion, Minor Destruction, Lesser Servant of
Makhleb, Major Destruction, Greater Servant of Makhleb


You were on level 3 of the Snake Pit.
You worshipped Makhleb.
Makhleb was exalted by your worship.
You were a living statue of rough stone.
You visited 5 branches of the dungeon, and saw 27 of its levels.
You also visited: Gauntlet and Volcano.

You collected 2833 gold pieces.
You spent 1266 gold pieces at shops.

Inventory:

Hand Weapons
 a - the +10 broad axe of Oily True Grit (weapon) {vorpal, Contam rPois rC+++ rCorr Str-5}
   (You found it on level 10 of the Dungeon)

   It inflicts extra damage upon your enemies.
   Str:       It affects your strength (-5).
   rC:        It renders you almost immune to cold.
   rPois:     It protects you from poison.
   Contam:    It causes magical contamination when unequipped.
   rCorr:     It protects you from acid and corrosion.
Missiles
 e - 2 throwing nets
Armour
 p - a +0 buckler (worn)
 s - the +1 ring mail of Eternity (melded) {Will+ Dex+5 Stlth+}
   (You found it on level 6 of the Dungeon)

   Dex:       It affects your dexterity (+5).
   Will:      It increases your willpower.
   Stlth:     It makes you more stealthy.
 w - a scarf of invisibility
 C - a +2 pair of gloves (melded)
 E - a +2 cloak of stealth (worn)
 G - a +2 kite shield
 H - a +2 helmet (worn)
 J - the +1 ring mail "Huthullifed" {+Blink Str+2}
   (You bought it in a shop on level 1 of the Snake Pit)

   Str:       It affects your strength (+2).
   +Blink:    It lets you blink.
Jewellery
 v - a ring of see invisible
 x - a +4 ring of slaying (right fist)
 I - a ring of wizardry
 M - an amulet of faith
 S - a +4 ring of protection
 X - the amulet "Uleuwaz" (around neck) {RegenMP rF+}
   (You found it in a Gauntlet)

   [amulet of magic regeneration]

   It increases your rate of magic regeneration.
   rF:        It protects you from fire.
 Y - a +4 ring of slaying (left fist)
Wands
 k - a wand of flame (43)
 l - a wand of digging (13)
 r - a wand of paralysis (4)
 N - a wand of polymorph (10)
 P - a wand of iceblast (10)
 T - a wand of acid (9)
Scrolls
 c - a scroll of silence
 d - 3 scrolls of magic mapping
 f - 6 scrolls of enchant weapon
 h - a scroll of holy word
 m - 15 scrolls of teleportation
 o - a scroll of vulnerability
 Q - 3 scrolls of identify
 R - 6 scrolls of fog
 U - 3 scrolls of fear
 V - a scroll of blinking
 Z - a scroll of summoning
Potions
 b - 3 potions of resistance
 g - 9 potions of mutation
 i - 5 potions of attraction
 j - 6 potions of brilliance
 n - 3 potions of berserk rage
 q - 8 potions of curing
 t - 4 potions of might
 u - 6 potions of invisibility
 y - 3 potions of ambrosia
 A - 5 potions of cancellation
 D - 4 potions of heal wounds
 F - 5 potions of haste
 L - 4 potions of lignification
Miscellaneous
 z - a piece from Xom's chessboard (15/15)
 K - a phantom mirror
 O - a phial of floods
 W - a condenser vane


   Skills:
 - Level 12.6 Fighting
 + Level 14.9 Axes
 - Level 2.0 Armour
 - Level 8.0 Dodging
 - Level 2.0 Stealth
 - Level 4.0 Shields
 - Level 15.0 Spellcasting
 - Level 5.8 Invocations
 - Level 6.0 Evocations


You had 3 spell levels left.
You knew the following spells:

 Your Spells              Type           Power      Damage    Failure   Level
a - Searing Ray           Conj           100%       2d8       0%          2
b - Frozen Ramparts       Ice            100%       1d12      1%          3
c - Call Canine Familiar  Summ           78%        N/A       1%          3
d - Airstrike             Air            39%        N/A       1%          4
e - Summon Lightning Spi  Summ/Air       78%        N/A       1%          4
f - Slow                  Hex            100%       N/A       0%          1
g - Summon Small Mammal   Summ           100%       N/A       0%          1
h - Static Discharge      Conj/Air       78%        N/A       0%          2
i - Call Imp              Summ           78%        N/A       0%          2
j - Summon Guardian Gole  Hex/Summ       78%        N/A       1%          3
k - Alistair's Intoxicat  Tmut/Pois      52%        N/A       1%          5
l - Statue Form           Tmut/Erth      52%        N/A       1%          6
m - Ozocubu's Refrigerat  Ice            39%        4d12      6%          7
Your spell library was empty.

Dungeon Overview and Level Annotations

Branches:
Dungeon (15/15)            Temple (1/1) D:7            Lair (6/6) D:8
  Swamp (0/4) Lair:3        Snake (3/4) Lair:3        Slime (0/5) Lair:6
    Orc (2/2) D:9             Elf (0/3) Orc:2        Vaults (0/5) D:13
 Depths (0/4) D:15        Volcano (visited)         Gauntlet (visited)

Altars:
Ashenzari
Cheibriados
Dithmenos
Elyvilon
Fedhas
Gozag
Hepliaklqana
Kikubaaqudgha
Makhleb
Nemelex Xobeh
Okawaru
Qazlal
Ru
Sif Muna
Trog
Uskayaw
Vehumet
Wu Jian
Xom
Yredelemnul
Zin
The Shining One

Shops:
D:1 **   D:11 *   D:12 !   Orc:1 [*   Orc:2 ?*?!   Snake:1 *=*


Innate Abilities, Weirdness & Mutations

You are a living statue of rough stone.
Your actions are slow, but your melee attacks are powerful.
You are resistant to unholy torment.
You are flying.
Your maximum health is greatly increased.
Your equipment is partially melded.
You are immune to sickness and miasma.
You are immune to poison.
Your flesh is very heat resistant. (rF++)
You are vulnerable to cold. (rC-)
You float through the air rather than walking.
You learn spells naturally, not from books.
Your magical power is your life essence.
You have superior vitality. (+4 MHP)


Message History

* * * LOW HITPOINT WARNING * * *
You block the naga warrior's attack.
The salamander mystic gestures at you while chanting.
The bolt of magma misses you.
The salamander hits you but does no damage.
Unknown command.
Unknown command.
Unknown command.
You feel much better.
The salamander hits you but does no damage.
The salamander hits you from afar with a +0 glaive!!
* * * LOW HITPOINT WARNING * * *
You are engulfed in flames.
You resist.
* * * LOW HITPOINT WARNING * * *
The salamander hits you from afar with a +2 trident.
* * * LOW HITPOINT WARNING * * *
You are engulfed in flames.
You resist.
* * * LOW HITPOINT WARNING * * *
The naga warrior roars a battlecry!
The naga goes into a battle-frenzy!
The salamander mystic gestures at you while chanting.
The bolt of magma hits you!! You partially resist.
* * * LOW HITPOINT WARNING * * *
The salamander barely misses you.
The naga warrior hits you with a +2 mace of draining!
* * * LOW HITPOINT WARNING * * *
You block the naga warrior's attack.
The salamander hits you but does no damage.
You hear a shout!
Unknown command.
Unknown command.
Unknown command.
As you read the scroll of fear, it crumbles to dust.
You assume a fearsome visage.
The salamander mystic looks frightened!
The salamander looks frightened! x2; The naga resists with some effort.
The naga looks frightened!
The naga warrior looks frightened!
The naga warrior resists with some effort.
The salamander mystic gestures at you while chanting.
The lance of force hits you!
You die...

.N.......#
....^...#
........
....#..
#§§..##
+§....#
###.....#
#8NN...!#
#NN.N...#
#...###...+
#.N...# #.#
#.##..# #
#< #N.# #.
#..# #.
....


You could see 2 naga warriors, a salamander mystic (strong, fleeing), 2
salamanders and 2 nagas.

Vanquished Creatures
  Jorgrun (D:12)
  2 nagarajas (Snake:1)
  Aizul (Snake:1)
  2 fire dragons
  8 naga warriors
  2 vault guards (D:13)
  2 rakshasas
  The ghost of melvinkitnick the Summoner, a journeyman OpSu of Ashenzari (D:10)
  An ice dragon (D:15)
  7 hydras
  A salamander tyrant (Snake:1)
  8 anacondas
  8 centaur warriors
  A catoblepas (Lair:6)
  2 two-headed ogres (D:11)
  A tengu warrior (D:10)
  3 orc high priests (Orc:2)
  10 death yaks
  6 naga sharpshooters
  3 shock serpents
  The ghost of Lathuz the Basher, a novice MiFi of the Shining One (D:7)
  A fire crab (Gauntlet)
  6 skeletal warriors
  2 goliath frogs (Lair:6)
  A salamander mystic (Snake:1)
  2 bog bodies (Lair:3)
  2 necromancers (D:13)
  3 wizards
  4 naga ritualists (Snake:1)
  4 orc knights (Orc:2)
  An anaconda skeleton (Volcano)
  A deep elf archer (D:13)
  3 oklob plants (Lair:5)
  6 mana vipers (Snake:1)
  3 deep elf pyromancers
  5 orc sorcerers (Orc:2)
  12 ugly things
  4 salamanders
  9 elephants
  5 manticores
  4 cyclopes
  2 guardian serpents
  A guardian serpent (shapeshifter) (D:15)
  23 black mambas
  9 naga magi
  5 gargoyles
  A minotaur zombie (Gauntlet)
  An unseen horror (D:10)
  25 cane toads
  2 rime drakes
  An efreet (D:14)
  Maggie (D:7)
  3 kobold demonologists (D:12)
  11 komodo dragons
  3 ice devils (D:8)
  2 freezing wraiths
  2 tengu conjurers (D:14)
  4 trolls
  A wolf spider simulacrum (Lair:1)
  A polar bear (Lair:5)
  2 tyrant leeches (Lair:6)
  25 blink frogs
  11 slime creatures
  2 flying skulls (Volcano)
  An alligator skeleton (Volcano)
  A shadow (D:11)
  A water elemental (D:11)
  6 wyverns
  30 yaks
  3 fire bats (Gauntlet)
  18 humans (D:13)
  3 basilisks
  A fire elemental (D:12)
  11 vampire mosquitoes
  13 nagas
  2 wargs
  2 acid dragons (D:12)
  2 hydra simulacra (Lair:1)
  21 orc warriors
  17 water moccasins
  4 sky beasts
  3 black bears
  7 ogres
  46 wolves
  7 centaurs
  A kobold brigand (D:10)
  14 bullfrogs
  A gnoll sergeant (D:12)
  2 scorpions
  A water moccasin zombie (D:5)
  12 killer bees
  2 howler monkeys
  An electric eel (Lair:6)
  A lava snake (D:12)
  A centaur zombie (D:6)
  A bullfrog zombie (D:5)
  3 hounds
  4 jellies
  3 centaur skeletons
  2 bullfrog skeletons (D:6)
  17 orc priests
  5 iguanas
  21 orc wizards
  Natasha (thrice) (D:3)
  A yak simulacrum (Lair:1)
  A wolf simulacrum (Lair:1)
  2 killer bee zombies
  3 naga skeletons (Volcano)
  10 gnolls
  A howler monkey skeleton (D:4)
  8 adders
  2 shadow imps
  5 white imps (D:8)
  An ufetubus (D:7)
  3 worms
  A dart slug (D:4)
  47 orcs
  6 ball pythons
  8 endoplasms
  2 giant cockroaches (D:4)
  3 goblins
  7 jackals
  A quokka (D:4)
  A bat (D:2)
  4 frilled lizards
  11 kobolds
  2 rats (D:2)
711 creatures vanquished.

Vanquished Creatures (collateral kills)
  A two-headed ogre (D:9)
  2 ugly things (D:15)
  2 ice beasts
  A phantom (D:6)
  A bullfrog (D:9)
  A scorpion (D:6)
  A howler monkey (D:6)
  A jelly (D:6)
  A bullfrog zombie (D:6)
  Jessica (D:2)
  An iguana (D:6)
  3 gnolls (D:2)
  An adder (D:2)
  3 worms (D:2)
  5 bats
  3 endoplasms (D:1)
  2 giant cockroaches
  A hobgoblin (D:1)
  2 kobolds
33 creatures vanquished.

Vanquished Creatures (others)
  A wizard (D:15)
  10 demonic plants (Gauntlet)
  72 fungi
  126 plants
209 creatures vanquished.

Grand Total: 953 creatures vanquished

Notes
Turn   | Place    | Note
-------+----------+-------------------------------------------
     0 | D:1      | tilp the Djinni Summoner began the quest for the Orb.
     0 | D:1      | Reached XP level 1. HP: 15/15 MP: 0/0
   391 | D:1      | Found Qucryufipi's General Store.
   616 | D:1      | Reached XP level 2. HP: 10/21 MP: 0/0
  1719 | D:1      | Found Isoxocaq's General Store.
  1728 | D:1      | Bought a scroll of identify for 22 gold pieces
  1932 | D:2      | Reached XP level 3. HP: 21/25 MP: 0/0
  1932 | D:2      | Learned a level 1 spell: Slow
  2047 | D:2      | Reached skill level 4 in Spellcasting
  2353 | D:2      | Noticed Jessica
  2361 | D:2      | Killed Jessica
  2362 | D:2      | Reached XP level 4. HP: 12/31 MP: 0/0
  2644 | D:2      | Reached XP level 5. HP: 22/35 MP: 0/0
  2644 | D:2      | Learned a level 2 spell: Searing Ray
  3462 | D:1      | Bought a scroll of teleportation for 33 gold pieces
  3675 | D:3      | Reached skill level 5 in Spellcasting
  3696 | D:3      | Noticed Natasha
  3699 | D:3      | Killed Natasha
  3735 | D:3      | Noticed Natasha
  3741 | D:3      | Killed Natasha
  3749 | D:3      | Reached XP level 6. HP: 12/40 MP: 0/0
  3750 | D:3      | Noticed Natasha
  4143 | D:3      | Killed Natasha
  4271 | D:3      | Found a faded altar of an unknown god.
  4474 | D:3      | Identified the +2 chain mail "Diynuez" {Regen+ Dex+2}
  5205 | D:4      | Reached skill level 6 in Spellcasting
  5531 | D:4      | Reached skill level 1 in Fighting
  5531 | D:4      | Reached XP level 7. HP: 41/48 MP: 0/0
  5531 | D:4      | Learned a level 2 spell: Static Discharge
  6093 | D:5      | Entered Level 5 of the Dungeon
  6723 | D:5      | Reached skill level 1 in Shields
  7214 | D:5      | Reached XP level 8. HP: 51/58 MP: 0/0
  8269 | D:6      | Reached skill level 7 in Spellcasting
  8910 | D:6      | Reached XP level 9. HP: 53/62 MP: 0/0
  8910 | D:6      | Learned a level 3 spell: Frozen Ramparts
  8919 | D:6      | Reached skill level 8 in Spellcasting
  9633 | D:6      | Noticed a komodo dragon
  9637 | D:6      | Reached skill level 5 in Fighting
  9643 | D:6      | Killed a komodo dragon
  9931 | D:6      | Identified the +1 ring mail of Eternity {Will+ Dex+5
                  | Stlth+}
 10220 | D:7      | Found a runed translucent door.
 10220 | D:7      | Noticed Lathuz's ghost (novice MiFi)
 10612 | D:7      | Reached skill level 9 in Spellcasting
 10612 | D:7      | Reached XP level 10. HP: 58/72 MP: 0/0
 10797 | D:7      | Reached skill level 10 in Spellcasting
 10831 | D:7      | Noticed Maggie
 11797 | D:7      | Found a staircase to the Ecumenical Temple.
 12076 | Temple   | Entered the Ecumenical Temple
 12303 | Temple   | Became a worshipper of Makhleb the Destroyer
 12511 | D:8      | Found a staircase to the Lair.
 12514 | D:8      | Noticed a komodo dragon
 12530 | D:8      | Killed a komodo dragon
 13417 | D:8      | Noticed an ice devil
 14034 | D:9      | Found a staircase to the Orcish Mines.
 14051 | D:9      | Reached XP level 11. HP: 69/81 MP: 0/0
 14051 | D:9      | Learned a level 4 spell: Airstrike
 14051 | D:9      | Reached * piety under Makhleb
 14315 | D:9      | Noticed a two-headed ogre
 14323 | D:9      | Killed a two-headed ogre
 14324 | D:9      | Reached skill level 11 in Spellcasting
 14963 | D:1      | Bought 3 scrolls of teleportation for 99 gold pieces
 14963 | D:1      | Bought a potion of haste for 110 gold pieces
 15129 | D:10     | Entered Level 10 of the Dungeon
 15539 | D:10     | Noticed melvinkitnick's ghost (journeyman OpSu)
 15540 | D:10     | Found a runed translucent gate.
 15540 | D:10     | Found a runed translucent gate.
 15540 | D:10     | Found a runed translucent gate.
 15540 | D:10     | Noticed a nine-headed hydra
 16564 | D:10     | Identified the +7 broad axe of a volcano {pain, rC+ Int-3
                  | Dex+2}
 16831 | D:10     | Reached skill level 12 in Spellcasting
 17084 | D:10     | Found a broken altar of Ashenzari.
 17166 | D:10     | Noticed a tengu warrior
 17378 | D:11     | Noticed a two-headed ogre
 17378 | D:11     | Found Fyrr's Changing Room.
 17382 | D:11     | Killed a two-headed ogre
 17504 | D:11     | Noticed a two-headed ogre
 17514 | D:11     | Killed a two-headed ogre
 17599 | D:11     | Reached skill level 5 in Dodging
 17945 | D:11     | Reached XP level 12. HP: 75/88 MP: 0/0
 18741 | D:11     | Reached ** piety under Makhleb
 19136 | Lair:1   | Entered Level 1 of the Lair of Beasts
 19222 | Lair:1   | Found a transporter.
 19521 | Lair:1   | Reached skill level 10 in Fighting
 19881 | Lair:1   | Noticed a death yak
 19881 | Lair:1   | Noticed a death yak
 19881 | Lair:1   | Noticed a death yak
 19901 | Lair:1   | Noticed a death yak
 20230 | Lair:1   | You are sucked into a shaft and drop 1 floor!
 20233 | Lair:2   | Reached skill level 1 in Invocations
 20233 | Lair:2   | Reached skill level 1 in Evocations
 20471 | Lair:1   | Found a transporter.
 22234 | Lair:3   | Found a staircase to the Swamp.
 22371 | Lair:3   | Reached XP level 13. HP: 92/97 MP: 0/0
 22371 | Lair:3   | Learned a level 5 spell: Alistair's Intoxication
 22460 | Lair:3   | Found a staircase to the Snake Pit.
 22473 | Lair:3   | Reached *** piety under Makhleb
 23125 | Lair:3   | Noticed a seven-headed hydra
 23130 | Lair:3   | Killed a seven-headed hydra
 23131 | Lair:3   | Reached skill level 13 in Spellcasting
 24984 | Lair:5   | Found a gate leading to a gauntlet.
 24990 | Gauntlet | Entered a Gauntlet
 24990 | Gauntlet | Found a transporter.
 24990 | Gauntlet | Found a transporter.
 24990 | Gauntlet | Found a transporter.
 25082 | Gauntlet | Found a transporter.
 25092 | Gauntlet | Found a transporter.
 25094 | Gauntlet | Found a transporter.
 25108 | Gauntlet | Found a transporter.
 25122 | Gauntlet | Noticed a dire elephant
 25123 | Gauntlet | Found a transporter.
 25127 | Gauntlet | Found a runed translucent door.
 25141 | Gauntlet | Found a transporter.
 25142 | Gauntlet | Found a transporter.
 25150 | Gauntlet | Found a transporter.
 25153 | Gauntlet | Found a transporter.
 26179 | Gauntlet | Identified the amulet "Uleuwaz" {RegenMP rF+}
 26311 | Gauntlet | Identified the ring of Kocyut {Ice Int-2 Dex+6 Slay+6}
 26311 | Gauntlet | Noticed a minotaur
 26419 | Lair:5   | Reached **** piety under Makhleb
 27166 | Lair:4   | Reached XP level 14. HP: 65/107 MP: 0/0
 27370 | Lair:5   | Reached skill level 14 in Spellcasting
 29007 | D:7      | Killed Lathuz's ghost
 29262 | D:7      | Killed Maggie
 29441 | Lair:6   | Entered Level 6 of the Lair of Beasts
 29576 | Lair:6   | Reached skill level 15 in Spellcasting
 29588 | Lair:6   | HP: 4/107 [vampire mosquito (3)]
 29598 | Lair:5   | HP: 2/107 [vampire mosquito (9)]
 30150 | Lair:6   | Reached skill level 5 in Evocations
 30468 | Lair:6   | Found a staircase to the Slime Pits.
 30793 | Lair:6   | Reached skill level 1 in Armour
 31952 | Lair:6   | Reached XP level 15. HP: 106/112 MP: 0/0
 31952 | Lair:6   | Learned a level 6 spell: Statue Form
 32022 | Lair:6   | Reached ***** piety under Makhleb
 32175 | Lair:6   | Reached skill level 5 in Invocations
 33020 | D:10     | Killed melvinkitnick's ghost
 33174 | D:10     | Identified the +10 broad axe of Oily True Grit {vorpal,
                  | Contam rPois rC+++ rCorr Str-5}
 34076 | D:12     | Noticed Jorgrun
 34692 | Orc:1    | Entered Level 1 of the Orcish Mines
 34692 | Orc:1    | Found a burning altar of Makhleb.
 34721 | Orc:1    | Reached skill level 1 in Axes
 34773 | Orc:1    | Found Kotwu's Mayhem Merchandise.
 34775 | Orc:1    | Found Bar Axeo's Armour Emporium.
 34966 | Orc:1    | Found a dark tunnel.
 34986 | Volcano  | Entered a volcano
 35889 | Orc:2    | Entered Level 2 of the Orcish Mines
 35889 | Orc:2    | Found a staircase to the Elven Halls.
 36427 | Orc:2    | Found Roho's Distillery.
 36442 | Orc:2    | Reached skill level 5 in Axes
 37028 | Orc:2    | Found Newelena's Magic Scroll Boutique.
 37029 | Orc:2    | Found Odoagh's Assorted Antiques.
 37035 | Orc:2    | Found Tuepleink's Magic Scroll Shoppe.
 37099 | Orc:2    | Bought a potion of resistance for 130 gold pieces
 37111 | Orc:2    | Bought a scroll of silence for 90 gold pieces
 37121 | Orc:2    | Bought a scroll of holy word for 105 gold pieces
 37356 | Orc:2    | Bought a scroll of fear for 42 gold pieces
 37356 | Orc:2    | Bought a scroll of fear for 42 gold pieces
 37356 | Orc:2    | Bought a scroll of fog for 24 gold pieces
 37366 | Orc:2    | Bought a scroll of magic mapping for 49 gold pieces
 37381 | Orc:2    | Bought a potion of invisibility for 104 gold pieces
 37381 | Orc:2    | Bought a potion of heal wounds for 65 gold pieces
 37524 | D:12     | Killed Jorgrun
 38258 | D:12     | Found Ehytoam's Distillery.
 38795 | D:13     | Found a sacrificial altar of Ru.
 39172 | D:13     | Reached ****** piety under Makhleb
 39177 | D:13     | Reached XP level 16. HP: 109/120 MP: 0/0
 39451 | D:13     | Found a gate to the Vaults.
 41889 | D:14     | Reached skill level 10 in Axes
 41970 | D:15     | Entered Level 15 of the Dungeon
 43009 | D:15     | Found a staircase to the Depths.
 43196 | D:15     | Found a sparkling altar of Nemelex Xobeh.
 44057 | D:8      | Found the +8 frozen axe "Frostbite" {freezing cloud, *Noise
                  | Fly rC+}
 44804 | Lair:1   | Found a transporter.
 45074 | Lair:1   | Found a transporter.
 45536 | Snake:1  | Entered Level 1 of the Snake Pit
 45600 | Snake:1  | Found Angun's Assorted Antiques.
 45600 | Snake:1  | Found Biklidej's Jewellery Shop.
 45798 | Snake:1  | Reached XP level 17. HP: 125/125 MP: 0/0
 45798 | Snake:1  | Learned a level 7 spell: Ozocubu's Refrigeration
 45833 | Snake:1  | Noticed Aizul
 46022 | Snake:1  | Killed Aizul
 46404 | Snake:1  | Found Tuqajaut's Assorted Antiques.
 46409 | Snake:1  | Bought a transparent ring mail for 351 gold pieces
 46409 | Snake:1  | Identified the +1 ring mail "Huthullifed" {+Blink Str+2}
                  | (You bought it in a shop on level 1 of the Snake Pit)
 48013 | Snake:2  | Identified the +10 halberd of Subjectivity {freeze, +Blink
                  | rPois Dex+3}
 49274 | Snake:3  | HP: 1/162 [naga warrior (10)]
 49275 | Snake:3  | Killed from afar by a salamander mystic

Illustrated notes

Levels and vault maps discovered:
D:1:      dpeg_arrival_castle, layout_loops_ring, serial_shops, shop,
          nicolae_lakefront_shop
D:2:      layout_basic, minmay_misc_feat_five, uniq_jessica
D:3:      layout_rooms, shapermc_ecumenical_altar_venn,
          minmay_misc_feat_four_crosses, uniq_natasha
D:4:      layout_loops_ring, amethyst_killhole, minmay_stone_trees_large,
          minmay_misc_feat_encased, serial_bayou_crossing
D:5:      layout_basic, serial_curves, eino_curves_02, eino_curves_03
D:6:      kennysheep_windowed_halls, layout_loops_cross
D:7:      layout_loops_ring, minmay_temple_entry_poolview,
          hellmonk_ghost_happy_afterlife, uniq_maggie
D:8:      layout_loops_corners, david_lair_shrubbed,
          hellmonk_guarded_unrand_frostbite
D:9:      layout_rooms, orc_0_dummy, chequers_serial_rivers_micro_c
D:10:     layout_irregular_city, nicolae_overflow_crystal_walls,
          gammafunk_ghost_hydra_chop
D:11:     layout_basic, nicolae_transmutations_shop
D:12:     layout_loops_ring, serial_shops, shop_fountains,
          kennysheep_island_fort, uniq_jorgrun
D:13:     layout_rooms, grunt_vaults_entry_tiered, serial_glass,
          glass_columns_b, glass_columns_a, feat_on_display,
          nicolae_ru_awakened_eye
D:14:     layout_irregular_city, hellmonk_bongcloud_opening
D:15:     grunt_enter_depths_hoard, layout_long_grid, nemelex_spade_bored_becter
Temple:   mainiacjoe_temple_archimedes_tessellation
Lair:1:   gammafunk_cloud_chamber, layout_small_grid, grunt_megastairs_3
Lair:2:   wander_river, layout_loops_ring, st_stairs_4,
          infiniplex_staircase_pool_2
Lair:3:   layout_regular_city, skrybe_swamp_entry_bodies,
          guppyfry_snake_entry_garden, grunt_forest_large_clearings,
          grunt_megastairs_5
Lair:4:   layout_cave_pods, beast_lair_carwin_6, grunt_megastairs_1
Lair:5:   minmay_lair_oklob_chamber, layout_loops_ring, gauntlet_entry_generic,
          small_statue_intersection, grunt_megastairs_4
Lair:6:   minmay_lair_end_frog_pond, layout_loops_ring, slime_dummy
Snake:1:  nicolae_snake_crotalidae_crossing, layout_misc_corridors,
          serial_shops, shop_fountains, drop_trap,
          nicolae_snake_scaly_snakehead, serial_bayou_shore_b, minmay_shoptagon,
          uniq_aizul
Snake:2:  layout_grid_maze
Snake:3:  layout_basic, uniq_saint_roka
Orc:1:    layout_caves, serial_shops, nicolae_shop_stone, enter_volcano_4,
          minmay_shop_mayhem, bloody_makhleb
Orc:2:    st_orc_elflike, layout_diamond_mine, special_room

Skill      XL: |  1  2  3  4  5  6  7  8  9 10 11 12 13 14 15 16 17 |
---------------+----------------------------------------------------+-----
Spellcasting   | 4 5 6 7 9 10 12 13 15 | 15.0
Fighting       | 1 3 4 6 8 10 12 | 12.6
Stealth        | 2 |  2.0
Shields        | 2 3 4 |  4.0
Dodging        | 4 5 6 8 |  8.0
Invocations    | 4 5 |  5.8
Evocations     | 4 6 |  6.0
Armour         | 2 |  2.0
Axes           | 8 12 14 | 14.9

Action                   |  1- 3 |  4- 6 |  7- 9 | 10-12 | 13-15 | 16-18 || total
-------------------------+-------+-------+-------+-------+-------+-------++-------
Melee: Unarmed           |    25 |       |       |       |       |       ||    25
       Dagger            |    68 |     8 |     1 |       |       |       ||    77
       Punch             |     1 |       |       |       |       |       ||     1
       Whip              |       |       |    14 |     3 |       |       ||    17
       War axe           |       |       |       |       |    16 |       ||    16
       Broad axe         |       |       |       |       |   171 |   408 ||   579
 Cast: Summon Small Mamm |    14 |       |     1 |     6 |     1 |     2 ||    24
       Call Imp          |    13 |     2 |       |       |       |       ||    15
       Call Canine Famil |     3 |     2 |     4 |     3 |     1 |       ||    13
       Slow              |     1 |       |       |       |       |       ||     1
       Searing Ray       |       |    38 |    64 |    62 |    28 |       ||   192
       Static Discharge  |       |       |     1 |       |       |       ||     1
       Summon Lightning  |       |       |     3 |       |     1 |     1 ||     5
       Frozen Ramparts   |       |       |     1 |    31 |    48 |     5 ||    85
       Airstrike         |       |       |       |   130 |   472 |    96 ||   698
       Statue Form       |       |       |       |       |    18 |    47 ||    65
       Alistair's Intoxi |       |       |       |       |       |     1 ||     1
Invok: Lesser Servant of |       |       |       |       |     1 |       ||     1
Evoke: Phial of floods   |       |       |       |     1 |     1 |       ||     2
       Wand              |       |       |       |       |    14 |       ||    14
       Condenser vane    |       |       |       |       |     1 |     3 ||     4
  Use: Scroll            |     1 |     6 |    10 |    10 |     5 |     4 ||    36
       Potion            |       |       |       |       |     4 |     1 ||     5
 Stab: Distracted        |     1 |       |       |       |       |       ||     1
       Sleeping          |     1 |     2 |     2 |     2 |     5 |     3 ||    15
       Paralysed         |       |       |       |       |    14 |       ||    14
Armor: Robe              |    26 |     6 |     9 |       |       |       ||    41
       Ring mail         |       |       |     8 |    33 |    83 |    19 ||   143
       Skin              |       |       |       |       |    90 |   399 ||   489
Dodge: Dodged            |    94 |    27 |    39 |    36 |   226 |   412 ||   834
Block: Buckler           |       |     1 |    17 |    24 |   103 |   166 ||   311
